 Dungeon Crawl Stone Soup version 0.28.0-53-g5a82cb258f (webtiles) character file.

Game seed: 12551459402169158194

32 Slibbio the Covered (level 3, -1/33 HPs)
             Began as a Minotaur Fighter on July 15, 2022.
             Frozen to death by an endoplasm (3 damage)
             ... on level 2 of the Dungeon.
             The game lasted 00:07:36 (861 turns).

Slibbio the Covered (Minotaur Fighter)               Turns: 861, Time: 00:07:37

Health: -1/33      AC:  8    Str: 22    XL:     3   Next: 8%
Magic:  2/2        EV:  9    Int:  5    God:
Gold:   21         SH:  4    Dex:  9    Spells: 2/2 levels left

rFire   . . .      SeeInvis .   i - +0 dagger (venom)
rCold   . . .      Faith    .   c - +0 buckler
rNeg    . . .      Spirit   .   b - +0 scale mail
rPois   .          Reflect  .   (helmet restricted)
rElec   .          Harm     .   (no cloak)
rCorr   .          Rampage  .   m - +0 pair of gloves
Will    .....                   (no boots)
Stlth   ..........              (no amulet)
HPRegen 0.11/turn               (no ring)
MPRegen 0.08/turn               (no ring)

@: brilliant, flying
A: horns 2, retaliatory headbutt
a: no special abilities


You were on level 2 of the Dungeon.
You visited 1 branch of the dungeon, and saw 2 of its levels.

You collected 21 gold pieces.

Inventory:

Hand Weapons
 a - a +0 war axe
 h - a +0 club
 i - a +0 dagger of venom (weapon)
Missiles
 d - 56 stones (quivered)
 e - 27 arrows
Armour
 b - a +0 scale mail (worn)
 c - a +0 buckler (worn)
 m - a +0 pair of gloves (worn)
Scrolls
 f - 2 scrolls of identify {unknown}
 g - a scroll of enchant weapon {unknown}
 j - a scroll of magic mapping {unknown}
 l - a scroll of holy word {unknown}


   Skills:
 + Level 4.1 Fighting
 + Level 0.1 Short Blades
 + Level 2.6 Axes
 + Level 4.2 Armour
 + Level 4.0 Shields


You had 2 spell levels left.
You didn't know any spells.
Your spell library was empty.

Dungeon Overview and Level Annotations

Branches:
Dungeon (2/15)

Altars:

Shops:
D:2 !


Innate Abilities, Weirdness & Mutations

You have a pair of horns on your head.
You reflexively headbutt those who attack you in melee.


Message History

The hobgoblin hits you but does no damage.
You block the orc's attack. The orc hits you but does no damage.
The hobgoblin barely misses you. The endoplasm freezes you.
You are frozen.
You hit the orc.
The orc is heavily wounded.
The endoplasm freezes you.
You are frozen.
The orc closely misses you.
You hit the orc but do no damage.
The orc is poisoned.
The orc is heavily wounded.
The endoplasm barely misses you. The orc hits you but does no damage.
The hobgoblin hits you but does no damage.
The endoplasm hits you but does no damage.
You barely miss the orc.
The orc is heavily wounded.
The orc barely misses you. The orc hits you but does no damage.
You block the hobgoblin's attack. You block the endoplasm's attack.
You hit the orc.
The orc looks as sick as possible!
The orc is heavily wounded.
You kill the orc!
The orc hits you from afar with a +0 trident!
* * * LOW HITPOINT WARNING * * *
The hobgoblin closely misses you.
The endoplasm hits you but does no damage.
It was a potion of brilliance.
You feel clever all of a sudden.
The orc hits you from afar with a +0 trident.
* * * LOW HITPOINT WARNING * * *
The hobgoblin hits you but does no damage.
The endoplasm barely misses you.
It was a potion of flight.
You feel very buoyant.
You fly up into the air.
The orc hits you from afar with a +0 trident.
* * * LOW HITPOINT WARNING * * *
The hobgoblin barely misses you. The endoplasm barely misses you.
The endoplasm freezes you.
You are frozen.
You die...

##########. ####
#..........
...##..........
####............
......#........
#.J@#..## #####
###go)).##.##
#...#
#[...........
#...#
#[####.##..##
#...# ##.# ...
... #...#
####..# ###.. #
#...####....##
## #........####
####.##..###


You could see an orc, an endoplasm and a hobgoblin.

Vanquished Creatures
  3 orcs (D:2)
  A ball python (D:1)
  3 bats
  2 endoplasms
  2 giant cockroaches
  4 hobgoblins
  A kobold (D:2)
  3 quokkas
  A frilled lizard (D:1)
  2 goblins
  2 rats
24 creatures vanquished.

Notes
Turn   | Place    | Note
-------+----------+-------------------------------------------
     0 | D:1      | Slibbio the Minotaur Fighter began the quest for the Orb.
     0 | D:1      | Reached XP level 1. HP: 19/19 MP: 0/0
   263 | D:1      | Reached XP level 2. HP: 27/27 MP: 1/1
   541 | D:2      | Found Emeqadd's Distillery.
   851 | D:2      | Reached XP level 3. HP: 21/33 MP: 2/2
   861 | D:2      | Frozen to death by an endoplasm

Illustrated notes

Levels and vault maps discovered:
D:1:      mainiacjoe_arrival_reflecting_pool, layout_loops_ring,
          hellmonk_ecumenical_altar_inner_sanctum, minmay_misc_feat_plants,
          minmay_pentomino_r2
D:2:      layout_rooms, serial_shops, nicolae_square_shop

Skill      XL: |  1  2 |
---------------+-------+-----
Armour         | 4 |  4.2
Fighting       | 4 |  4.1
Shields        | 4 |  4.0
Short Blades   | |  0.1
Axes           | |  2.6

Action                   || total
-------------------------++-------
Melee: War axe           ||    18
       Headbutt          ||     7
       Dagger            ||    25
  Use: Potion            ||     3
Armor: Scale mail        ||    33
Dodge: Dodged            ||    31
Block: Buckler           ||    13
